Map: Sludge City

Players

JohnMcClane

  • Race: Protoss Protoss
  • League: Gold
  • Spawn Location: 11:00

Hindulaatti

  • Race: Protoss Protoss
  • Spawn Location: 9:00

risrullarn

  • Race: Zerg Zerg
  • Spawn Location: 5:00

tOk

  • Race: Terran Terran
  • Spawn Location: 5:00

VOD

Have the link to the VOD?

Description

Time

  • Played on: Feb. 4, 2016, 2:14 p.m.
  • Length: 10:36
Show
View Real Time Build Order
Export as new Build Order

JohnMcClane Protoss 

Build Orders: 1 Gate Expand, Double Forge 

Get SALT Encoding   

  12  0:01  Probe (Chrono Boost)  
  13  0:11  Probe (Chrono Boost)  
  14  0:19  Pylon  
  14  0:26  Probe (Chrono Boost)  
  15  0:38  Gateway  
  15  0:39  Probe (Chrono Boost)  
  16  0:50  Probe (Chrono Boost)  
  17  1:00  Assimilator, Probe (Chrono Boost)  
  19  1:11  Probe (Chrono Boost)  
  19  1:22  Probe (Chrono Boost)  
  20  1:28  Nexus  
  20  1:41  Cybernetics Core  
  20  1:42  Probe (Chrono Boost)  
  21  1:52  Probe (Chrono Boost)  
  22  1:59  Pylon  
  22  2:04  Probe (Chrono Boost)  
  23  2:12  Assimilator  
  23  2:19  Mothership Core (Chrono Boost)  
  25  2:24  Pylon  
  25  2:29  Assimilator  
  25  2:37  Probe (Chrono Boost)  
  26  2:45  Stalker  
  26  2:49  Probe (Chrono Boost)  
  28  3:07  Probe (Chrono Boost)  
  28  3:08  Probe (Chrono Boost)  
  28  3:11  Warp Gate (Chrono Boost)  
  30  3:16  Pylon  
  30  3:17  Probe  
  30  3:19  Probe  
  32  3:25  Gateway  
  32  3:26  Gateway  
  32  3:28  Gateway, Probe  
  33  3:36  Twilight Council  
  33  3:42  Forge  
  33  3:48  Probe  
  34  3:50  Probe  
  35  3:59  Pylon  
  35  4:03  Probe  
  36  4:13  Charge (Chrono Boost)  
  35  4:32  Forge  
  35  4:35  Protoss Ground Weapons Level 1 (Chrono Boost)  
  35  4:42  Probe  
  36  4:47  Gateway  
  36  4:49  Gateway  
  36  4:57  Pylon  
  36  5:01  Pylon  
  35  5:13  Protoss Ground Armor Level 1 (Chrono Boost)  
  29  5:18  Stalker x2  
  29  5:19  Stalker x2  
  32  5:46  Gateway  
  32  5:48  Zealot x4  
  40  5:51  Gateway  
  40  5:53  Gateway  
  40  6:07  Templar Archives  
  28  6:32  Protoss Ground Weapons Level 2 (Chrono Boost)  
  26  6:42  Nexus  
  26  6:43  Pylon  
  26  6:45  Zealot x4  
  34  6:50  Protoss Ground Armor Level 2 (Chrono Boost)  
  34  6:54  Probe  
  34  6:55  Probe  
  36  7:07  Gateway  
  36  7:18  Psionic Storm  
  35  7:24  Zealot  
  35  7:25  Zealot x7  
  51  7:47  Pylon, Probe x2  
  53  7:59  High Templar, Probe x2  
  53  8:01  Zealot x2  
  61  8:06  High Templar  
  61  8:11  Probe  
  32  8:44  Zealot x6  
  32  8:45  Zealot  
  32  9:10  High Templar x2, Zealot x3  
  32  9:11  Zealot x2  
  46  9:29  Zealot x2  
  50  9:37  Assimilator, Probe x2  
  52  9:45  High Templar  
  52  9:46  Zealot x2  
  52  9:47  Zealot x2  
  62  10:03  Zealot x2  
Show
View Real Time Build Order
Export as new Build Order

Hindulaatti Protoss 

Build Orders: 1 Gate Expand 

Get SALT Encoding   

  12  0:01  Probe (Chrono Boost)  
  13  0:11  Probe (Chrono Boost)  
  14  0:18  Pylon  
  14  0:22  Probe (Chrono Boost)  
  15  0:36  Probe (Chrono Boost)  
  15  0:41  Gateway  
  16  0:47  Probe (Chrono Boost)  
  17  0:57  Probe (Chrono Boost)  
  17  1:01  Assimilator  
  18  1:08  Probe (Chrono Boost)  
  19  1:20  Probe (Chrono Boost)  
  20  1:28  Cybernetics Core  
  20  1:34  Nexus  
  20  1:37  Probe (Chrono Boost)  
  21  1:47  Pylon  
  21  1:57  Probe (Chrono Boost)  
  22  2:04  Warp Gate  
  22  2:05  Stalker  
  24  2:16  Pylon  
  24  2:19  Probe (Chrono Boost)  
  25  2:26  Assimilator  
  25  2:33  Assimilator  
  25  2:37  Stalker  
  25  2:40  Probe (Chrono Boost)  
  28  2:47  Gateway  
  28  2:48  Pylon  
  28  3:00  Probe x2 (Chrono Boost)  
  30  3:10  Robotics Facility  
  30  3:13  Gateway  
  30  3:20  Probe (Chrono Boost)  
  32  3:27  Probe (Chrono Boost)  
  32  3:29  Stalker  
  32  3:30  Probe (Chrono Boost)  
  35  3:36  Stalker  
  37  3:46  Probe (Chrono Boost)  
  37  3:47  Probe (Chrono Boost)  
  39  3:57  Mothership Core (Chrono Boost), Probe (Chrono Boost)  
  39  4:02  Immortal  
  46  4:15  Stalker x2  
  49  4:25  Stalker  
  49  4:30  Probe x2 (Chrono Boost)  
  53  4:37  Pylon  
  53  4:40  Probe x2 (Chrono Boost)  
  53  4:41  Stalker  
  53  4:44  Stalker  
  59  4:51  Probe x2 (Chrono Boost)  
  61  4:55  Stalker  
  63  5:00  Pylon  
  63  5:03  Immortal  
  63  5:05  Probe (Chrono Boost)  
  68  5:11  Pylon  
  68  5:16  Stalker  
  68  5:20  Pylon  
  70  5:23  Stalker  
  70  5:24  Stalker  
  74  5:36  Probe x2 (Chrono Boost)  
  76  5:48  Stalker x2  
  80  5:53  Nexus  
  80  5:58  Forge  
  74  6:14  Sentry x3  
  74  6:17  Probe x2 (Chrono Boost)  
  80  6:18  Assimilator  
  80  6:21  Robotics Bay  
  80  6:24  Pylon  
  80  6:33  Gateway, Probe x2 (Chrono Boost)  
  80  6:35  Protoss Ground Weapons Level 1  
  80  6:37  Gateway  
  82  6:44  Probe x2 (Chrono Boost)  
  82  6:45  Warp Prism  
  86  6:52  Stalker x3  
  92  7:10  Probe x3 (Chrono Boost)  
  92  7:15  Stalker x3  
  101  7:20  Disruptor (Chrono Boost)  
  101  7:21  Probe x3 (Chrono Boost)  
  107  7:27  Pylon  
  107  7:30  Pylon  
  107  7:31  Probe x2 (Chrono Boost)  
  107  7:36  Probe  
  109  7:38  Twilight Council  
  109  7:41  Assimilator  
  109  7:42  Assimilator  
  109  7:43  Probe x2  
  112  7:46  Zealot x2  
  112  7:50  Stalker  
  112  7:51  Stalker  
  120  7:53  Sentry  
  120  7:54  Disruptor (Chrono Boost)  
  125  8:17  Stalker x5  
  100  8:41  Stalker x5  
  66  9:05  Stalker x5  
  76  9:11  Probe  
  76  9:12  Probe x2  
  79  9:22  Probe  
  80  9:24  Probe, Disruptor (Chrono Boost)  
  80  9:25  Probe  
  85  9:41  Stalker x2  
  85  9:42  Stalker x2  
  59  10:21  Stalker x5  
Show
View Real Time Build Order
Export as new Build Order

risrullarn Zerg 

Build Orders: Hatch First 

Get SALT Encoding   

  12  0:06  Drone  
  13  0:15  Overlord  
  13  0:20  Drone  
  14  0:34  Drone x2  
  16  0:40  Drone  
  18  0:50  Drone  
  18  0:59  Hatchery  
  18  1:03  Drone  
  18  1:12  Extractor  
  18  1:16  Drone  
  18  1:24  Spawning Pool  
  17  1:26  Drone  
  18  1:35  Drone  
  19  1:45  Drone  
  20  1:55  Drone  
  20  1:57  Hatchery  
  20  2:06  Drone  
  21  2:12  Queen  
  23  2:19  Metabolic Boost  
  23  2:27  Drone  
  24  2:30  Queen  
  26  2:37  Overlord  
  26  2:40  Drone  
  26  2:41  Drone  
  28  2:54  Overlord  
  28  3:02  Drone x2  
  28  3:03  Drone x3  
  33  3:09  Lair  
  33  3:10  Drone  
  33  3:12  Drone  
  35  3:16  Drone  
  35  3:18  Queen  
  38  3:20  Queen  
  38  3:22  Drone  
  38  3:25  Drone  
  38  3:26  Drone  
  43  3:30  Extractor  
  43  3:31  Drone  
  43  3:32  Overlord  
  43  3:36  Drone  
  43  3:39  Drone x2  
  43  3:40  Drone  
  47  3:43  Drone x2  
  47  3:45  Drone  
  47  3:47  Overlord  
  50  3:54  Drone, Extractor  
  50  3:56  Drone  
  50  4:02  Evolution Chamber  
  50  4:03  Drone x3  
  50  4:05  Evolution Chamber  
  50  4:07  Queen  
  54  4:12  Spine Crawler  
  53  4:17  Drone x3  
  53  4:19  Drone x2  
  53  4:20  Drone x3  
  61  4:24  Infestation Pit  
  61  4:25  Burrow  
  61  4:31  Zerg Missile Weapons Level 1  
  60  4:32  Drone  
  60  4:33  Drone x3  
  60  4:38  Drone  
  65  4:39  Drone  
  65  4:41  Zerg Ground Armor Level 1  
  66  4:46  Extractor  
  66  4:52  Drone  
  66  4:54  Extractor  
  66  4:58  Infestation Pit  
  64  5:01  Extractor  
  63  5:08  Drone x2  
  65  5:16  Zergling x2  
  65  5:18  Overlord x3  
  66  5:24  Spine Crawler  
  66  5:27  Spine Crawler, Queen  
  66  5:28  Spine Crawler  
  65  5:30  Pathogen Glands  
  65  5:36  Zergling x8  
  65  5:37  Zergling x2  
  65  5:41  Hydralisk Den, Zergling x10  
  74  5:43  Drone x2  
  74  5:48  Drone x2  
  74  5:49  Queen  
  78  5:52  Drone  
  78  5:56  Zergling x2  
  82  5:59  Overlord x2  
  82  6:02  Spore Crawler x2  
  82  6:03  Queen  
  82  6:04  Spore Crawler  
  77  6:19  Zergling x10  
  77  6:20  Zergling x12  
  77  6:24  Muscular Augments  
  77  6:25  Infestor  
  84  6:36  Hydralisk x4  
  84  6:37  Hydralisk x3  
  98  6:46  Overlord x2  
  98  6:47  Overseer x4  
  98  6:55  Overlord  
  98  6:56  Overlord x2  
  98  7:04  Queen  
  100  7:10  Hydralisk x5  
  100  7:12  Drone  
  111  7:25  Zerg Ground Armor Level 2, Zerg Missile Weapons Level 2  
  111  7:28  Hive  
  111  7:35  Hydralisk x3  
  111  7:37  Drone  
  118  7:38  Drone  
  119  7:54  Hatchery, Hydralisk x3  
  124  7:59  Drone  
  124  8:00  Drone x2  
  127  8:09  Hydralisk x4  
  135  8:25  Infestor  
  137  8:31  Hydralisk x2  
  137  8:32  Hydralisk x3  
  137  8:33  Hydralisk  
  135  8:41  Infestor  
  135  8:42  Overlord  
  135  8:43  Overlord x4  
  128  8:56  Hydralisk x4  
  118  9:03  Infestor x3, Extractor  
  118  9:07  Extractor  
  118  9:09  Drone x2  
  124  9:12  Drone  
  124  9:13  Drone  
  126  9:21  Drone  
  127  9:27  Drone  
  127  9:28  Drone x2  
  130  9:31  Extractor  
  130  9:32  Hatchery  
  130  9:33  Drone x3  
  131  9:40  Ultralisk Cavern  
  124  10:00  Hydralisk x2  
  124  10:01  Hydralisk x6  
  124  10:02  Hydralisk  
  138  10:12  Hydralisk x2  
Show
View Real Time Build Order
Export as new Build Order

tOk Terran 

Build Orders: Liberator Opening, Reaper Expand, MMM Bio 

Get SALT Encoding   

  12  0:01  SCV  
  13  0:13  SCV  
  14  0:18  Supply Depot  
  14  0:25  SCV  
  15  0:40  SCV  
  15  0:42  Barracks  
  16  0:46  Refinery  
  16  0:52  SCV  
  17  1:04  SCV  
  18  1:16  SCV  
  19  1:28  Orbital Command  
  19  1:30  Reaper  
  20  1:45  Command Center  
  20  1:54  Supply Depot, SCV  
  20  2:00  Refinery  
  21  2:04  Marine  
  21  2:07  SCV  
  23  2:19  Factory, SCV  
  24  2:28  Barracks Reactor  
  24  2:31  SCV  
  25  2:43  SCV  
  25  2:44  Supply Depot  
  26  2:55  SCV  
  28  2:59  Orbital Command  
  27  3:07  Marine x2, Factory Tech Lab  
  27  3:10  Starport  
  29  3:13  SCV  
  30  3:24  Supply Depot  
  30  3:25  SCV x2  
  32  3:28  Liberator  
  32  3:30  Siege Tank  
  35  3:35  Marine x2  
  35  3:39  SCV x2  
  42  3:51  SCV x2  
  42  3:53  Marine x2  
  46  4:02  Supply Depot  
  46  4:03  SCV, Siege Tank  
  50  4:10  SCV  
  50  4:15  SCV  
  52  4:22  SCV  
  52  4:23  Marine x2  
  55  4:27  SCV  
  55  4:29  Barracks  
  55  4:30  Starport Reactor, Barracks  
  56  4:36  SCV, Barracks  
  56  4:37  Barracks  
  57  4:39  SCV  
  57  4:41  Refinery  
  57  4:42  Refinery  
  58  4:48  SCV  
  59  4:52  Marine  
  59  4:53  Marine  
  59  4:59  SCV  
  62  5:01  SCV  
  62  5:05  Siege Tank  
  66  5:11  SCV  
  66  5:13  SCV  
  67  5:14  Engineering Bay  
  67  5:15  Engineering Bay  
  67  5:19  Barracks Tech Lab, Marine x2, Barracks Reactor  
  69  5:23  SCV  
  69  5:28  Supply Depot  
  70  5:33  Medivac, SCV  
  70  5:43  Terran Infantry Armor Level 1, Terran Infantry Weapons Level 1  
  70  5:49  Medivac, Supply Depot x2, SCV  
  73  5:50  Supply Depot, Stimpack  
  73  5:51  Command Center, Barracks Tech Lab, Barracks Reactor  
  73  6:01  Marine x4  
  77  6:11  Siege Tank  
  80  6:18  SCV x2  
  82  6:34  Marine x4  
  82  6:35  Combat Shields, Marine  
  82  6:37  Marauder x2, Marine  
  82  6:38  Medivac x2  
  96  6:40  SCV x2  
  98  6:47  Supply Depot  
  98  6:49  Supply Depot x2  
  98  6:50  Armory  
  98  6:52  Marine x2  
  99  7:05  Marine  
  99  7:06  Marine x4  
  99  7:07  Marauder  
  106  7:08  Siege Tank  
  106  7:10  Marine x2  
  111  7:21  Medivac x2  
  115  7:23  Marine  
  115  7:24  Marauder  
  115  7:26  Orbital Command, SCV x2  
  115  7:28  Marine  
  115  7:29  Marine x3  
  124  7:38  SCV x2  
  124  7:42  Terran Infantry Weapons Level 2  
  126  7:52  Terran Infantry Armor Level 2  
  126  7:56  SCV x2  
  126  7:58  Orbital Command  
  128  8:06  Marine x4  
  128  8:08  SCV  
  133  8:30  Marine  
  133  8:31  Marine x5  
  133  8:32  Medivac x2, Marauder x2, Siege Tank  
  121  9:08  Marine x6  
  121  9:09  Medivac x2, Siege Tank  
  130  9:11  SCV  
  130  9:12  SCV x2  
  133  9:19  Starport x2  
  133  9:23  SCV  
  133  9:24  SCV x2  
  136  9:39  Marine  
  136  9:40  Marine x4  
  141  9:47  Supply Depot  
  141  9:49  Supply Depot  
  141  9:54  Refinery  
  141  9:56  Refinery  
  141  10:09  SCV  
  141  10:10  Marauder x2, Marine x5, SCV  
Tags
 
Add a new tag
Caveats
  • Supply blocks, unpowered buildings, or Contaminate may cause inaccurate times.
  • Supply counts are checked every 10 seconds.